 Dungeon Crawl Stone Soup version 0.24.0-123-gd5b16e6ec5 (webtiles) character file.

Game seed: 4574267452820737696, levelgen mode: deterministic

4 Napalmbreeze the Grasshopper (level 1, 0/18 HPs)
             Began as a Ghoul Warper on Jan 19, 2020.
             Slain by an adder (4 damage)
             ... on level 2 of the Dungeon.
             The game lasted 00:01:42 (231 turns).

Napalmbreeze the Grasshopper (Ghoul Warper)          Turns: 231, Time: 00:01:43

Health: 0/18       AC:  3    Str: 14    XL:     1   Next: 60%
Magic:  2/2        EV: 11    Int:  8    God:
Gold:   11         SH:  0    Dex:  8    Spells: 3/3 levels left

rFire    . . .     SeeInvis .     - Unarmed
rCold    + . .     Gourm    .   (no shield)
rNeg     + + +     Faith    .   a - +0 leather armour
rPois    ∞         Spirit   .   (no helmet)
rElec    .         Reflect  .   (no cloak)
rCorr    .         Harm     .   (no gloves)
MR       .....                  (no boots)
Stlth    +.........             (no amulet)
HPRegen  0.00/turn              (no ring)
MPRegen  0.08/turn              (no ring)

@: rotting
A: rotting body, claws 1, carnivore, cold resistance 1, negative energy
resistance 3, inhibited regeneration, torment resistance, unbreathing
a: no special abilities


You were on level 2 of the Dungeon.
You were not hungry.

You visited 1 branch of the dungeon, and saw 2 of its levels.

You collected 11 gold pieces.

Inventory:

Missiles
 d - 5 boomerangs of dispersal (quivered)
Armour
 a - a +0 leather armour (worn)
Scrolls
 c - a scroll of blinking
 g - a scroll of identify {unknown}
 i - a scroll of enchant armour {unknown}
Potions
 b - a potion of mutation {unknown}
 e - a potion of magic {unknown}
Comestibles
 f - a ration
 h - 2 chunks of flesh


   Skills:
 * Level 2.3 Fighting
 - Level 0.8 Throwing
 + Level 1.0 Armour
 + Level 1.8 Dodging
 + Level 2.2 Unarmed Combat
 - Level 1.7 Spellcasting
   Level 2.6 Translocations


You had 3 spell levels left.
You didn't know any spells.
Your spell library contained the following spells:

 Spells                   Type           Power        Failure   Level  Hunger
 Blink                    Tloc           N/A          22%         2    ###....
 Shroud of Golubria       Chrm/Tloc      #.....       36%         2    ###....
 Gell's Gravitas          Tloc           #.........   41%         3    ####...
 Lesser Beckoning         Tloc           #.........   41%         3    ####...
 Teleport Other           Tloc           #.......     41%         3    ####...
 Passage of Golubria      Tloc           N/A          83%         4    #####..


Dungeon Overview and Level Annotations

Branches:
Dungeon (1/15)

Altars:


Innate Abilities, Weirdness & Mutations

Your body is rotting away.
You thrive on raw meat.
You are immune to poison.
You have sharp fingernails.
You are carnivorous and can eat meat at any time.
Your flesh is cold resistant. (rC+)
You are immune to negative energy. (rN+++)
You do not regenerate when monsters are visible.
You are immune to unholy pain and torment.
You can survive without breathing.


Message History

The adder is lightly wounded.
The adder barely misses you. The adder closely misses you.
You miss the adder.
The adder is lightly wounded.
The adder bites you but does no damage. The adder barely misses you.
The adder misses you.
Unknown command.
You see here a giant cockroach corpse.
The adder misses you. The adder bites you but does no damage.
The adder barely misses you. The adder barely misses you.
Unknown command.
The adder completely misses you. The adder bites you but does no damage.
The adder bites you.
* * * LOW HITPOINT WARNING * * *
The adder bites you.
You die...

##.....## ##†#
#.......# #..# #####
#....(..# #.## ...#
#^.(....# #.#
#.#####.....## #.#
#.######...........##
##.#
....[.#.....#.......#
#..#
#.....#.#.......#
#.##
#####...#...@...# #.#
###..#..S..## #K#
#...#...## #.#
##.....## ####.#
##>...K#####.K..#
####.....##.####
######K#..#
..........##
###########


You could see an adder and a kobold.

Vanquished Creatures
  2 giant cockroaches (D:2)
  A kobold (D:2)
3 creatures vanquished.

Notes
Turn   | Place    | Note
-------+----------+-------------------------------------------
     0 | D:1      | Napalmbreeze the Ghoul Warper began the quest for the Orb.
     0 | D:1      | Reached XP level 1. HP: 17/17 MP: 2/2
    44 | D:1      | You fall into a shaft and drop 1 floor!
   121 | D:2      | Reached skill level 1 in Armour
   231 | D:2      | Slain by an adder

Levels and vault maps discovered:
D:1:      grunt_arrival_lava_bath, layout_basic, minmay_misc_feat_columns,
          minmay_small_reverse_x
D:2:      layout_rooms, led_sif_pool, lemuel_altar_in_water

Skill      XL: |  1 |
---------------+----+-----
Armour         | 1 |  1.0
Fighting       | |  2.3
Throwing       | |  0.8
Dodging        | |  1.8
Unarmed Combat | |  2.2
Spellcasting   | |  1.7
Translocations | |  2.6

Action                   || total
-------------------------++-------
Melee: Unarmed           ||    16
  Eat: Chunk             ||     1
Armor: Leather armour    ||     6
Dodge: Dodged            ||    20
